AoeStats
← CrazyBen

Hill Fort

505257011Analyzed
4v4 RM · 25d ago on Sep 8, 2026· 70m 26s· 8 players
Game mode
Random Map
Map size
Large (8 player)
Population
200
Speed
Normal
Resources
Standard
Victory
Conquest
Starting age
Dark Age
Ending age
Imperial Age
RankedLock teamsTeams togetherTeam positionsShared explorationLock speedFull tech treeHidden civsTurbo modeCheats
Victory
Defeat
🇹🇷 Spanish · Türkiye
1576
+14
🇩🇪 Saracens · Germany
1544
+15
🇩🇪 Romans · Germany
1523
+16
🇩🇪 Mongols · Germany
1502
+17
🇹🇼 Persians · Taiwan
1580
-17
🇹🇼 Magyars · Taiwan
1533
-16
🇹🇼 Mongols · Taiwan
1523
-15
🇫🇷 Khmer · France
1492
-14
SbS | Havoc
8:30 Loom
11:02 Feudal Age
12:27 Town Watch
15:23 Castle Age
13:35 Double-Bit Axe
16:50 Crossbowman
18:26 Fletching
22:05 Bodkin Arrow
31:08 Wheelbarrow
32:09 Ballistics
31:58 Gold Mining
32:20 Bow Saw
31:50 Horse Collar
32:13 Stone Mining
34:36 Hand Cart
38:52 Imperial Age
37:21 Caravan
37:23 Padded Archer Armor
38:08 Gold Shaft Mining
38:58 Arbalester
39:38 Bracer
41:00 Chemistry
41:44 Two-Man Saw
40:47 Heavy Plow
41:06 Leather Archer Armor
41:30 Thumb Ring
41:30 Onager
43:51 Elite Skirmisher
47:35 Counterweights
48:08 Fortified Wall
52:30 Ring Archer Armor
55:11 Siege Engineers
55:17 Masonry
57:40 Treadmill Crane
58:03 Murder Holes
58:20 Bimaristan
58:32 Conscription
58:18 Siege Onager
64:36 Coinage
66:31 Hoardings
68:08 Elite Mameluke
68:55 Scale Barding Armor
69:01 Forging
69:25 Banking
samthebase
10:09 Feudal Age
14:00 Castle Age
12:34 Double-Bit Axe
12:56 Loom
13:52 Horse Collar
14:07 Gold Mining
15:13 Scale Barding Armor
21:12 Husbandry
23:33 Heavy Plow
25:59 Wheelbarrow
26:30 Bloodlines
26:26 Town Watch
27:10 Bow Saw
27:37 Chain Barding Armor
28:36 Forging
30:04 Hand Cart
32:45 Imperial Age
30:18 Fletching
31:06 Bodkin Arrow
32:09 Ballistics
32:09 Hand Cart
32:59 Gold Shaft Mining
32:16 Stone Mining
33:53 Conscription
33:34 Bracer
34:37 Chemistry
36:17 Padded Archer Armor
36:22 Town Patrol
35:52 Elite Mangudai
37:56 Hoardings
37:48 Leather Archer Armor
37:52 Caravan
38:06 Thumb Ring
38:27 Parthian Tactics
42:26 Heavy Camel Rider
52:29 Coinage
54:06 Banking
54:17 Iron Casting
56:11 Blast Furnace
55:58 Onager
58:45 Drill
57:54 Capped Ram
59:44 Siege Ram
62:38 Siege Onager
65:31 Light Cavalry
69:28 Nomads
Mazer
10:31 Feudal Age
14:57 Castle Age
12:52 Double-Bit Axe
13:56 Horse Collar
17:06 Loom
22:10 Wheelbarrow
23:56 Heavy Plow
25:07 Scale Barding Armor
25:26 Husbandry
26:17 Gold Mining
26:39 Bow Saw
30:30 Imperial Age
28:59 Chain Barding Armor
28:55 Town Watch
29:02 Stone Mining
30:10 Forging
30:35 Hand Cart
30:15 Pikeman
30:55 Squires
31:41 Conscription
32:39 Plate Barding Armor
32:06 Scale Mail Armor
32:09 Halberdier
34:44 Chain Mail Armor
36:19 Iron Casting
37:32 Gold Shaft Mining
38:16 Blast Furnace
36:49 Capped Ram
37:43 Siege Ram
39:05 Ballistics
39:45 Chemistry
38:47 Padded Archer Armor
38:37 Fletching
40:49 Town Patrol
41:08 Onager
44:44 Siege Engineers
45:37 Ballistas
45:49 Bodkin Arrow
45:56 Heavy Scorpion
46:48 Bloodlines
48:38 Caravan
50:48 Masonry
52:47 Elite Centurion
56:04 Man-at-Arms
57:08 Long Swordsman
58:39 Crop Rotation
65:24 Guilds
65:45 Coinage
66:01 Legionary
67:43 Comitatenses
71:06 Architecture
Jugband
11:19 Feudal Age
14:58 Castle Age
15:45 Double-Bit Axe
15:41 Horse Collar
18:05 Padded Archer Armor
18:47 Wheelbarrow
23:39 Padded Archer Armor
26:53 Bloodlines
27:26 Bow Saw
27:16 Heavy Plow
27:46 Loom
29:14 Leather Archer Armor
30:47 Husbandry
32:31 Hand Cart
37:33 Imperial Age
35:22 Gold Mining
35:23 Stone Mining
35:34 Heavy Plow
36:10 Fletching
37:00 Scale Barding Armor
37:06 Forging
38:22 Elite Conquistador
39:26 Conscription
40:21 Chemistry
39:30 Light Cavalry
41:04 Masonry
41:15 Ballistics
40:51 Bodkin Arrow
41:29 Ring Archer Armor
41:29 Caravan
42:07 Chain Barding Armor
41:47 Bracer
42:31 Architecture
43:34 Hoardings
43:21 Supremacy
42:39 Hussar
44:45 Plate Barding Armor
48:16 Iron Casting
47:38 Murder Holes
50:07 Blast Furnace
49:32 Cavalier
50:55 Paladin
52:14 Coinage
54:53 Banking
55:30 Two-Man Saw
57:55 Capped Ram
59:56 Siege Ram
62:22 Scale Mail Armor
62:45 Bombard Tower
63:13 Careening
不疾不徐
11:05 Feudal Age
14:47 Castle Age
14:03 Double-Bit Axe
13:59 Horse Collar
17:11 Fletching
18:16 Bodkin Arrow
20:06 Padded Archer Armor
24:07 Leather Archer Armor
26:42 Ballistics
32:09 Loom
35:00 Imperial Age
33:47 Husbandry
35:00 Bloodlines
35:43 Bracer
36:55 Chemistry
37:20 Conscription
37:29 Parthian Tactics
37:20 Thumb Ring
38:42 Stone Mining
38:42 Gold Mining
39:05 Elite Mangudai
46:11 Capped Ram
48:00 Bow Saw
47:52 Heavy Plow
47:50 Siege Ram
49:12 Caravan
50:14 Drill
49:28 Elite Skirmisher
67:43 Scale Barding Armor
67:49 Forging
CrazyBen
10:19 Feudal Age
13:04 Castle Age
11:12 Double-Bit Axe
12:39 Loom
12:53 Horse Collar
14:09 Bow Saw
14:24 Heavy Plow
19:48 Ballistics
22:02 Wheelbarrow
31:34 Imperial Age
30:26 Gold Mining
31:16 Hand Cart
31:44 Heavy Scorpion
36:42 Chemistry
35:48 Siege Engineers
36:08 Double Crossbow
38:05 Gold Shaft Mining
41:30 Capped Ram
44:48 Husbandry
45:00 Bloodlines
44:12 Elite Battle Elephant
44:15 Light Cavalry
45:04 Scale Barding Armor
45:10 Forging
47:39 Chain Barding Armor
49:19 Fletching
50:44 Hussar
59:15 Caravan
66:37 Scale Mail Armor
66:08 Pikeman
67:35 Chain Mail Armor
67:44 Halberdier
70:24 Iron Casting
戒賭胖
6:31 Loom
8:55 Feudal Age
9:30 Double-Bit Axe
9:29 Horse Collar
15:53 Wheelbarrow
19:47 Castle Age
19:39 Bloodlines
20:52 Husbandry
20:13 Light Cavalry
21:06 Bow Saw
21:16 Heavy Plow
22:10 Scale Barding Armor
29:38 Chain Barding Armor
34:12 Gold Mining
37:56 Imperial Age
38:52 Hand Cart
39:00 Conscription
38:09 Cavalier
39:29 Plate Barding Armor
39:31 Paladin
44:25 Hussar
47:42 Corvinian Army
48:36 Fletching
48:47 Padded Archer Armor
48:21 Elite Magyar Huszar
53:48 Crop Rotation
55:11 Coinage
56:48 Caravan
57:19 Banking
60:27 Two-Man Saw
Guilter
9:59 Feudal Age
11:08 Horse Collar
11:16 Loom
14:48 Wheelbarrow
16:36 Castle Age
15:17 Double-Bit Axe
17:52 Bow Saw
18:23 Heavy Plow
19:03 Wheelbarrow
21:13 Town Watch
21:03 Light Cavalry
21:57 Bloodlines
23:00 Gold Mining
26:10 Stone Mining
26:55 Gold Shaft Mining
27:45 Town Patrol
28:05 Hand Cart
27:53 Town Patrol
33:26 Imperial Age
31:33 Husbandry
31:44 Forging
31:40 Scale Barding Armor
34:13 Iron Casting
33:58 Chain Barding Armor
33:24 Cavalier
35:08 Savar
36:16 Conscription
36:48 Crop Rotation
37:21 Two-Man Saw
36:45 Citadels
36:30 Fletching
37:40 Blast Furnace
36:42 Padded Archer Armor
37:46 Chemistry
37:04 Murder Holes
38:11 Chemistry
38:39 Ballistics
39:01 Bodkin Arrow
41:02 Citadels
41:28 Hoardings
41:10 Leather Archer Armor
43:26 Plate Barding Armor
43:22 Ring Archer Armor
47:12 Scale Mail Armor
46:41 Pikeman
47:21 Squires
47:07 Arson
47:43 Halberdier
47:52 Light Cavalry
48:34 Hussar
52:28 Chain Mail Armor
61:19 Savar
64:25 Plate Mail Armor
Connection lost

Rejoining the realm…

Still unreachable

The connection could not be restored.

Session expired

The server has moved on; the page needs a fresh start.